 Dungeon Crawl Stone Soup version 0.26.1-11-gd32895ea62 (webtiles) character file.

Game seed: 10728041979840156424

98095 tardwrangler69 the Earth Mage (level 15, -15/138 HPs)
             Began as a Purple Draconian Earth Elementalist on Apr 12, 2021.
             Was an Elder of Vehumet.
             Killed from afar by Jorgrun (45 damage)
             ... with an iron shot
             ... on level 2 of the Orcish Mines on Apr 13, 2021.
             The game lasted 01:00:25 (34058 turns).

tardwrangler69 the Earth Mage (DrEE)               Turns: 34058, Time: 01:00:26

Health: -15/138    AC: 13    Str: 11    XL:     15   Next: 73%
Magic:  13/38      EV: 14    Int: 21    God:    Vehumet [****..]
Gold:   2228       SH:  5    Dex: 12    Spells: 13/34 levels left

rFire    . . .     SeeInvis .   H - staff of poison
rCold    . . .     Faith    .   Z - +0 buckler
rNeg     . . .     Spirit   .   (armour unavailable)
rPois    +         Reflect  .   (helmet restricted)
rElec    .         Harm     .   o - +1 cloak
rCorr    .         Rampage  .   p - +0 pair of gloves
Will     ++...                  D - +0 pair of boots
Stlth    ++........             k - amulet of magic regeneration
HPRegen  0.33/turn              I - ring of wizardry
MPRegen  0.51/turn              w - ring of magical power

@: radiating poison, grasped by roots, constricted
A: breathe power, unfitting armour, cold-blooded, AC +9
a: Breathe Dispelling Energy, Renounce Religion


You were on level 2 of the Orcish Mines.
You worshipped Vehumet.
Vehumet was greatly pleased with you.
You visited 4 branches of the dungeon, and saw 23 of its levels.

You collected 2354 gold pieces.
You spent 126 gold pieces at shops.

Inventory:

Hand Weapons
 v - a +3 whip of electrocution
 X - the +8 trident of the Octopus King {venom, rElec rPois Will+}
   (You found it on level 12 of the Dungeon)

   It poisons the flesh of those it strikes.
   It insulates you from electricity.
   It protects you from poison.
   It affects your willpower, your defense against some magical effects.
Missiles
 b - 369 stones
Armour
 o - a +1 cloak (worn)
 p - a +0 pair of gloves (worn)
 D - a +0 pair of boots (worn)
 Z - a +0 buckler (worn)
Magical Staves
 H - an uncursed staff of poison (weapon)
 L - an uncursed staff of earth
 Y - an uncursed staff of conjuration
Jewellery
 g - a +6 ring of strength
 k - an amulet of magic regeneration (around neck)
 r - a +6 ring of dexterity
 s - an uncursed ring of resist corrosion
 u - an uncursed ring of wizardry
 w - a ring of magical power (right hand)
 C - an uncursed amulet of faith
 I - a ring of wizardry (left hand)
 J - a cursed amulet of inaccuracy {unknown}
 K - an uncursed amulet of guardian spirit {unknown}
 O - an uncursed ring of flight {unknown}
 P - an uncursed amulet of guardian spirit {unknown}
 R - an uncursed ring of see invisible {unknown}
 U - an uncursed ring of flight {unknown}
 W - an uncursed ring of positive energy {unknown}
Wands
 y - a wand of acid (17)
 M - a wand of polymorph (5)
 N - a wand of digging (3)
Scrolls
 a - 5 scrolls of enchant weapon
 d - 5 scrolls of enchant armour
 i - 9 scrolls of teleportation
 l - 8 scrolls of remove curse
 m - a scroll of fog
 q - 6 scrolls of immolation
 t - 13 scrolls of identify
 G - 2 scrolls of amnesia
 Q - 2 scrolls of magic mapping
 V - a scroll of blinking
Potions
 c - 11 potions of curing
 e - 6 potions of heal wounds
 f - a potion of might
 h - 3 potions of cancellation
 j - 7 potions of invisibility
 n - 4 potions of lignification {unknown}
 x - 5 potions of flight
 z - a potion of magic {unknown}
 A - a potion of attraction {unknown}
 B - a potion of ambrosia {unknown}
 E - 3 potions of haste
 F - 2 potions of brilliance {unknown}
 S - a potion of resistance
 T - a potion of berserk rage {unknown}


   Skills:
 - Level 14.1 Fighting
 - Level 6.3 Staves
 - Level 9.0 Dodging
 - Level 1.7 Stealth
 - Level 4.0 Shields
 - Level 10.0 Spellcasting
 - Level 3.0 Conjurations
 - Level 1.0 Transmutations
 + Level 11.4 Ice Magic
 - Level 15.0 Earth Magic
 - Level 8.0 Poison Magic


You had 13 spell levels left.
You knew the following spells:

 Your Spells              Type           Power        Failure   Level
a - Sandblast             Erth           100%         0%          1
b - Stone Arrow           Conj/Erth      96%          1%          3
c - Passwall              Tmut/Erth      36%          1%          2
d - Lee's Rapid Deconstr  Erth           32%          1%          5
e - Olgreb's Toxic Radia  Pois           60%          1%          4
f - Ozocubu's Refrigerat  Ice            27%          1%          6

Your spell library contained the following spells:

 Spells                   Type           Power        Failure   Level
 Freezing Cloud           Conj/Ice/Air   15%          14%         6
 Beastly Appendage        Tmut           28%          1%          1
 Foxfire                  Conj/Fire      64%          1%          1
 Ensorcelled Hibernation  Hex/Ice        68%          1%          2
 Conjure Flame            Conj/Fire      16%          1%          3
 Dazzling Flash           Conj/Hex       32%          1%          3
 Spider Form              Tmut/Pois      22%          1%          3
 Ice Form                 Ice/Tmut       36%          1%          4
 Petrify                  Tmut/Erth      44%          1%          4
 Apportation              Tloc           20%          2%          1
 Corona                   Hex            11%          2%          1
 Wereblood                Tmut           14%          2%          2
 Inner Flame              Hex/Fire       10%          2%          3
 Sticky Flame             Conj/Fire      16%          4%          4
 Metabolic Englaciation   Hex/Ice        17%          7%          5
 Confusing Touch          Hex            10%          8%          3
 Gell's Gravitas          Tloc           5%           8%          3
 Lesser Beckoning         Tloc           5%           8%          3
 Tukima's Dance           Hex            10%          8%          3
 Irradiate                Conj/Tmut      9%           9%          5
 Fireball                 Conj/Fire      8%           11%         5
 Alistair's Intoxication  Tmut/Pois      29%          12%         5
 Yara's Violent Unravell  Hex/Tmut       6%           16%         5
 Statue Form              Tmut/Erth      29%          16%         6
 Blade Hands              Tmut           7%           41%         5
 Hydra Form               Tmut           7%           92%         6
 Invisibility             Hex            10%          98%         6
 Dragon Form              Tmut           7%           100%        7


Dungeon Overview and Level Annotations

Branches:
Dungeon (14/15)            Temple (1/1) D:5            Lair (6/6) D:10
 Shoals (0/4) Lair:4       Spider (0/4) Lair:2        Slime (0/5) Lair:5
    Orc (2/2) D:11            Elf (0/3) Orc:2        Vaults (0/5) D:13

Altars:
Ashenzari
Cheibriados
Dithmenos
Elyvilon
Fedhas
Gozag
Hepliaklqana
Kikubaaqudgha
Makhleb
Nemelex Xobeh
Okawaru
Qazlal
Ru
Sif Muna
Trog
Uskayaw
Vehumet
Wu Jian
Xom
Yredelemnul
Zin
The Shining One
Jiyva

Shops:
D:6 *   D:7 ??}*   D:8 *   D:14 ?   Orc:2 [(=(

Annotations:
D:7 2 transporters
D:12 exclusion: downstairs
Lair:1 exclusion: oklob plant
Lair:2 exclusion: downstairs
Lair:5 exclusion: downstairs
Orc:1 exclusion: downstairs
Orc:2 Jorgrun


Innate Abilities, Weirdness & Mutations

You can breathe bolts of dispelling energy.
Your rich purple scales are hard. (AC +9)
You cannot fit into any form of body armour.
You are cold-blooded and may be slowed by cold attacks.


Message History

Casting: Stone Arrow (safe; 1% risk of failure)
Confirm with . or Enter, or press ? or * to list all spells.
Aiming: Stone Arrow (safe; 1% risk of failure)
Press: ? - help, Shift-Dir - straight line, f/p - Jorgrun
Aim: Jorgrun, wielding a +0 vorpal quarterstaff and wearing a +2 robe (heavily wounded, unusually resistant, very poisoned, 40% to evade)
The stone arrow hits Jorgrun!
Jorgrun is severely wounded.
Jorgrun closely misses you.
* * * LOW HITPOINT WARNING * * *
The grasping roots constrict you!
Casting: Stone Arrow (safe; 1% risk of failure)
Confirm with . or Enter, or press ? or * to list all spells.
Aiming: Stone Arrow (safe; 1% risk of failure)
Press: ? - help, Shift-Dir - straight line, f/p - Jorgrun
Aim: Jorgrun, wielding a +0 vorpal quarterstaff and wearing a +2 robe (severely wounded, unusually resistant, very poisoned, 40% to evade)
The stone arrow hits Jorgrun!
Jorgrun is severely wounded.
Jorgrun gestures at you while chanting. The iron shot hits you!!!
You die...

# ##.. ...#.#. ## #....
##.# ### #.... ... ##.##
....... # $.. #...#
#....... ...##.####.###
........ .......#.....##
#....... #.....g@......#
##......
##.....#..##.####.......
#.........#.....#.......
#.......######..........
.....### ##.........
....$ #......... ...#
###...#... ##. #........
##....#..


You could see Jorgrun (resistant, very poisoned).

Vanquished Creatures
  Azrael (Orc:2)
  Nessos (Orc:2)
  A dire elephant (Lair:6)
  Erolcha (D:13)
  2 ogre magi (Orc:2)
  8 vault guards
  13 hydras
  5 boulder beetles
  13 two-headed ogres
  A death knight (D:14)
  An anaconda (Lair:6)
  18 death yaks
  Sonja (Lair:6)
  An iron troll (Orc:2)
  A skeletal warrior (D:12)
  A deep troll (Orc:2)
  A wizard (D:12)
  An orc sorcerer (D:11)
  2 ugly things
  2 deep elf magi (D:14)
  6 cyclopes
  11 black mambas
  3 merfolk sirens (Lair:4)
  13 elephants
  3 torpor snails
  4 cane toads
  2 gargoyles (D:12)
  A yaktaur (D:12)
  2 centaur skeletons
  4 rime drakes
  A kobold demonologist (D:12)
  7 komodo dragons
  13 trolls
  A queen bee (D:10)
  2 hornets
  A merfolk (Lair:4)
  A slime creature (D:12)
  12 blink frogs
  3 polar bears
  6 dream sheep (Lair:5)
  Sigmund (D:2)
  A shadow (D:13)
  6 wyverns
  A wraith (D:14)
  Eustachio (D:4)
  4 fire elementals (Orc:2)
  54 yaks
  2 basilisks
  5 vampire mosquitoes
  A soldier ant (D:13)
  3 hell hounds (Orc:2)
  2 wargs
  2 acid dragons
  13 water moccasins
  15 orc warriors
  4 ice beasts
  An eye of draining (D:12)
  3 phantoms
  A black bear (D:10)
  A necrophage (D:7)
  26 ogres
  25 wolves
  5 centaurs
  A big kobold (D:12)
  13 bullfrogs
  2 gnoll sergeants
  8 scorpions
  15 killer bees
  An electric eel (Lair:1)
  6 wights
  4 howler monkeys
  A crimson imp (D:11)
  A quasit (D:10)
  A bullfrog zombie (D:12)
  3 centaur zombies
  4 hounds
  3 jellies
  6 orc priests
  Crazy Yiuf (D:2)
  4 bullfrog skeletons
  6 iguanas
  Jessica (D:2)
  7 worker ants
  Ijyb (D:5)
  15 orc wizards
  13 hell rats (Lair:2)
  Terence (D:2)
  A hound skeleton (D:6)
  11 gnolls
  6 adders
  11 river rats (Lair:2)
  3 white imps
  An ufetubus (D:7)
  An ooze (D:4)
  3 adder zombies (D:7)
  An adder skeleton (D:7)
  4 worms
  2 dart slugs
  6 leopard geckos
  73 orcs
  A ball python (D:2)
  3 bats
  8 giant cockroaches
  4 goblins
  3 hobgoblins
  14 jackals
  7 kobolds
  8 quokkas
  4 frilled lizards
  A leopard gecko skeleton (D:4)
  A quokka skeleton (D:6)
  17 rats
  A butterfly (Lair:5)
661 creatures vanquished.

Vanquished Creatures (others)
  42 fungi
  87 plants
129 creatures vanquished.

Grand Total: 790 creatures vanquished

Notes
Turn   | Place    | Note
-------+----------+-------------------------------------------
     0 | D:1      | tardwrangler69 the Draconian Earth Elementalist began the
                  | quest for the Orb.
     0 | D:1      | Reached XP level 1. HP: 14/14 MP: 3/3
   346 | D:1      | Reached XP level 2. HP: 9/20 MP: 3/5
  1515 | D:2      | Reached XP level 3. HP: 12/26 MP: 4/6
  1793 | D:2      | Noticed Sigmund
  1843 | D:2      | HP: 1/26 [Sigmund/puff of flame (11)]
  1868 | D:2      | Killed Sigmund
  1869 | D:2      | Reached skill level 5 in Earth Magic
  1869 | D:2      | Reached XP level 4. HP: 10/33 MP: 5/9
  1869 | D:2      | Reached XP level 5. HP: 11/38 MP: 5/10
  2116 | D:2      | Noticed Jessica
  2119 | D:2      | Killed Jessica
  2766 | D:2      | Noticed Terence
  2774 | D:2      | Killed Terence
  2958 | D:2      | Reached XP level 6. HP: 45/45 MP: 11/11
  2982 | D:2      | Found a runed translucent door.
  2983 | D:2      | Noticed Crazy Yiuf
  3067 | D:2      | Killed Crazy Yiuf
  3285 | D:3      | Found a broken altar of Ashenzari.
  3472 | D:3      | Found a stormy altar of Qazlal.
  3585 | D:3      | Found a hazy altar of Hepliaklqana.
  3586 | D:3      | Found a shadowy altar of Dithmenos.
  3586 | D:3      | Noticed a shadow
  3782 | D:3      | Reached skill level 6 in Earth Magic
  4498 | D:4      | Reached skill level 7 in Earth Magic
  4498 | D:4      | Your scales start taking on a rich purple colour.
  4498 | D:4      | Reached skill level 5 in Spellcasting
  4498 | D:4      | Reached XP level 7. HP: 32/50 MP: 8/15
  4720 | D:3      | Learned a level 3 spell: Stone Arrow
  4723 | D:3      | Learned a level 2 spell: Passwall
  4729 | D:3      | Learned a level 5 spell: Lee's Rapid Deconstruction
  4828 | D:4      | Noticed Eustachio
  4916 | D:4      | Killed Eustachio
  5376 | D:5      | Entered Level 5 of the Dungeon
  5390 | D:5      | Noticed Ijyb
  5393 | D:5      | Killed Ijyb
  5553 | D:5      | Found a staircase to the Ecumenical Temple.
  5574 | D:5      | Reached skill level 8 in Earth Magic
  5710 | Temple   | Entered the Ecumenical Temple
  5980 | Temple   | Became a worshipper of Vehumet
  6423 | D:5      | Reached XP level 8. HP: 45/57 MP: 17/17
  7324 | D:6      | Reached skill level 9 in Earth Magic
  7553 | D:6      | Found Teohawk's Assorted Antiques.
  7567 | D:6      | Bought a scroll labelled GUCZEKHAMY for 21 gold pieces
  8712 | D:7      | Reached * piety under Vehumet
  8712 | D:7      | Offered knowledge of Shock by Vehumet.
  8717 | D:7      | Found Loen's Magic Scroll Shop.
  8850 | D:7      | Reached skill level 10 in Earth Magic
  8850 | D:7      | Reached XP level 9. HP: 62/62 MP: 20/20
  8900 | D:7      | Found Dyner's Assorted Antiques.
  9012 | D:7      | Found Ytol's Gadget Shop.
  9068 | D:7      | Found Sapren's Magic Scroll Boutique.
  9075 | D:7      | Bought a scroll of blinking for 75 gold pieces
  9075 | D:7      | Bought a scroll of teleportation for 30 gold pieces
  9120 | D:7      | Found an opulent altar of Gozag.
  9175 | D:7      | Noticed a purple ugly thing
  9177 | D:7      | Found a sacrificial altar of Ru.
  9177 | D:7      | Found a transporter.
  9185 | D:7      | Found a transporter.
  9428 | D:8      | Reached skill level 1 in Conjurations
  9808 | D:8      | Noticed a two-headed ogre
  9816 | D:8      | Killed a two-headed ogre
 10085 | D:8      | Found Yclakh's Elemental Accessories.
 10222 | D:9      | Reached skill level 11 in Earth Magic
 10425 | D:9      | Reached XP level 10. HP: 53/69 MP: 20/23
 10605 | D:9      | Found a shadowy altar of Dithmenos.
 10613 | D:9      | Noticed a two-headed ogre
 10618 | D:9      | Killed a two-headed ogre
 10619 | D:9      | Reached skill level 10 in Spellcasting
 10664 | D:9      | You fall into a shaft and drop 1 floor!
 10664 | D:10     | Entered Level 10 of the Dungeon
 10869 | D:9      | Offered knowledge of Searing Ray by Vehumet.
 10872 | D:9      | Reached ** piety under Vehumet
 10873 | D:9      | Reached skill level 12 in Earth Magic
 11109 | D:9      | Reached skill level 1 in Fighting
 11227 | D:9      | Found a sparkling altar of Nemelex Xobeh.
 11227 | D:9      | Found a bloodstained altar of Trog.
 12276 | D:10     | Found a staircase to the Lair.
 12279 | D:10     | Reached skill level 5 in Fighting
 12302 | D:10     | Found a radiant altar of Vehumet.
 12510 | D:11     | Offered knowledge of Conjure Flame by Vehumet.
 12927 | D:11     | Found a staircase to the Orcish Mines.
 12940 | D:11     | Reached *** piety under Vehumet
 13272 | D:11     | Reached XP level 11. HP: 89/89 MP: 25/25
 13654 | D:12     | Reached skill level 13 in Earth Magic
 13659 | D:12     | Noticed a red ugly thing
 13691 | D:11     | Killed a red ugly thing
 13941 | Lair:1   | Entered Level 1 of the Lair of Beasts
 13959 | Lair:1   | Noticed a four-headed hydra
 13963 | Lair:1   | Killed a four-headed hydra
 14026 | Lair:1   | Noticed an oklob plant
 14380 | Lair:1   | Offered knowledge of Static Discharge by Vehumet.
 14495 | Lair:1   | Noticed a five-headed hydra
 14496 | Lair:1   | Noticed an eight-headed hydra
 14527 | Lair:1   | Killed a five-headed hydra
 14528 | Lair:1   | Reached skill level 14 in Earth Magic
 14532 | Lair:1   | Killed an eight-headed hydra
 14902 | Lair:1   | Noticed a four-headed hydra
 14909 | Lair:1   | Killed a four-headed hydra
 15775 | Lair:2   | Noticed an eight-headed hydra
 15781 | Lair:2   | Killed an eight-headed hydra
 15782 | Lair:2   | Reached XP level 12. HP: 104/106 MP: 26/26
 15871 | Lair:2   | Reached skill level 10 in Fighting
 15875 | Lair:2   | Reached **** piety under Vehumet
 15903 | Lair:2   | Offered knowledge of Iskenderun's Battlesphere by Vehumet.
 16465 | Lair:2   | Found a hole to the Spider Nest.
 17047 | Lair:2   | Reached skill level 15 in Earth Magic
 17261 | Lair:3   | Identified a scroll of acquirement
 17261 | Lair:3   | Acquired an uncursed staff of earth
 17339 | Lair:3   | Reached skill level 1 in Staves
 18691 | Lair:4   | Reached ***** piety under Vehumet
 18844 | Lair:4   | Offered knowledge of Olgreb's Toxic Radiance by Vehumet.
 18850 | Lair:4   | Learned a level 4 spell: Olgreb's Toxic Radiance
 18962 | Lair:4   | Reached skill level 1 in Poison Magic
 19517 | Lair:4   | Noticed a boulder beetle
 19544 | Lair:4   | Found a staircase to the Shoals.
 19554 | Lair:4   | Reached XP level 13. HP: 116/116 MP: 27/27
 20142 | Lair:5   | Reached skill level 5 in Poison Magic
 21031 | Lair:5   | Found a shimmering altar of Xom.
 21125 | Lair:5   | Reached skill level 5 in Dodging
 21707 | Lair:5   | Found a staircase to the Slime Pits.
 21708 | Lair:5   | Found a viscous altar of Jiyva.
 21889 | Lair:5   | Found the cursed +13 scythe of Curses {drain, *Curse}
 22680 | Lair:5   | Reached XP level 14. HP: 115/129 MP: 8/28
 23241 | Lair:6   | Entered Level 6 of the Lair of Beasts
 23491 | Lair:6   | Noticed Sonja
 23498 | Lair:6   | Killed Sonja
 24774 | Lair:6   | Offered knowledge of Ozocubu's Refrigeration by Vehumet.
 25158 | Lair:6   | Learned a level 6 spell: Ozocubu's Refrigeration
 25197 | Lair:6   | Reached skill level 1 in Ice Magic
 26898 | D:12     | Reached skill level 5 in Ice Magic
 27696 | D:12     | Found the +8 trident of the Octopus King {venom, rElec
                  | rPois Will+}
 28893 | D:13     | Reached XP level 15. HP: 120/138 MP: 24/29
 28951 | D:13     | Found a gate to the Vaults.
 28975 | D:13     | Offered knowledge of Spellforged Servitor by Vehumet.
 28978 | D:13     | Reached skill level 5 in Staves
 29027 | D:13     | Noticed Erolcha
 29030 | D:13     | Killed Erolcha
 30614 | D:14     | Reached skill level 1 in Shields
 31234 | D:14     | Found Uwkum's Magic Scroll Shoppe.
 31602 | Orc:1    | Entered Level 1 of the Orcish Mines
 32253 | Orc:1    | Found a bloodstained altar of Trog.
 32380 | Orc:2    | Entered Level 2 of the Orcish Mines
 32420 | Orc:2    | Found a staircase to the Elven Halls.
 32468 | Orc:2    | Found Boosm's Weapon Shoppe.
 32590 | Orc:2    | Offered knowledge of Freezing Cloud by Vehumet.
 32659 | Orc:2    | Reached skill level 10 in Ice Magic
 32919 | Orc:2    | Found Hate's Weapon Shoppe.
 32936 | Orc:2    | Found Garoamoat's Jewellery Boutique.
 32949 | Orc:2    | Found Jebben's Antique Weapon Emporium.
 32949 | Orc:2    | Found Itrackif's Armour Boutique.
 33175 | Orc:2    | Noticed Azrael
 33179 | Orc:2    | Killed Azrael
 33241 | Orc:2    | Noticed Nessos
 33254 | Orc:2    | Killed Nessos
 34045 | Orc:2    | Noticed Jorgrun
 34058 | Orc:2    | Killed from afar by Jorgrun

Illustrated notes

Levels and vault maps discovered:
D:1:      saegor_arrival_simple_d, layout_loops_ring
D:2:      layout_basic, uniq_terence, uniq_crazy_yiuf_cottage, uniq_jessica,
          uniq_sigmund
D:3:      layout_loops_corners, riverfiend_overflow_shadow_ancestor,
          old_standard_altar, evilmike_ruin_ashenzari
D:4:      layout_rooms, uniq_eustachio
D:5:      layout_loops_ring, minmay_temple_entry_sparse_star, uniq_ijyb
D:6:      layout_loops_corners, serial_shops, nicolae_shop_stone,
          nrook_mini_vaults, grunt_ministairs_11, chequers_serial_rivers_micro_b
D:7:      layout_rooms, nicolae_overflow_hidden_temple,
          gammafunk_temple_overflow_arena, serial_shops, kennysheep_mini,
          nicolae_shop_temple_entry_statues_fountains, shop, shop
D:8:      layout_rooms, nicolae_elemental_shop, st_stairs_2
D:9:      layout_irregular_city, gammafunk_temple_overflow_elements,
          nicolae_dithmenos_shadow_blocks
D:10:     layout_gridville, grunt_lair_entry_orc_guard_hut, basic_altar,
          nicolae_looking_at_the_future
D:11:     layout_stronghold, david_orc_2, minmay_fire_ice_demons
D:12:     minmay_the_grid_octo_tiled_octocenter [minmay_the_grid_octo_77,
          minmay_the_grid_octo_checkerflower, minmay_the_grid_octo_horde,
          minmay_the_grid_octo_checkered,
          minmay_the_grid_octo_prize_single_spiral,
          minmay_the_grid_square_5x5_doubleslash,
          minmay_the_grid_square_5x5_two_walls_a,
          minmay_the_grid_square_5x5_lines,
          minmay_the_grid_square_5x5_checkered_statues], layout_irregular_city,
          kb_lookout_dungeons_type
D:13:     layout_grid_maze, erik_vaults_2, uniq_erolcha
D:14:     layout_basic, special_room [special_room_orc],
          minmay_misc_feat_nine_boxes, serial_shops, kennysheep_little_box
Temple:   minmay_temple_curvy_branch
Lair:1:   layout_cave_pods, amcnicky_mini_pool_medium, grunt_megastairs_2,
          lemuel_fruit_fields, serial_bayou_shore_a, minmay_lair_oklob_chamber
Lair:2:   lemuel_ratsnest, layout_chaotic_city,
          nicolae_spider_entry_non_spiders, chequers_serial_rivers_room_a,
          hangedman_lair_generics_rect
Lair:3:   layout_hall_layers
Lair:4:   layout_layer_cave, elwin_shoals_entry_stream, grunt_megastairs_1
Lair:5:   layout_layer_cave, slime_altar_1, basic_altar, lookout_lair_type,
          minmay_shattered_shrine, lemuel_fruit_fields
Lair:6:   due_jungle_book, layout_regular_city, grunt_megastairs_4, uniq_sonja
Orc:1:    layout_caves, serial_shops,
          nicolae_shop_temple_entry_statues_fountains, basic_altar, trog_book
Orc:2:    st_orc_open, layout_caves, serial_shops, shop,
          nicolae_orc_stony_grotto, uniq_nessos, uniq_jorgrun, uniq_azrael

Skill      XL: |  1  2  3  4  5  6  7  8  9 10 11 12 13 14 15 |
---------------+----------------------------------------------+-----
Spellcasting   | 3 5 6 7 9 10 | 10.0
Earth Magic    | 5 7 8 10 11 12 14 15 | 15.0
Conjurations   | 2 3 |  3.0
Fighting       | 5 9 11 13 14 | 14.1
Staves         | 4 6 |  6.3
Dodging        | 4 7 9 |  9.0
Poison Magic   | 4 8 |  8.0
Ice Magic      | 7 11 | 11.4
Shields        | 4 |  4.0
Stealth        | |  1.7
Transmutations | |  1.0

Action                   |  1- 3 |  4- 6 |  7- 9 | 10-12 | 13-15 || total
-------------------------+-------+-------+-------+-------+-------++-------
Melee: Dagger            |    74 |    13 |       |       |       ||    87
       Unarmed           |     7 |       |       |       |       ||     7
       Tailslap          |     4 |     9 |    10 |    19 |    13 ||    55
       Short sword       |       |    66 |       |       |       ||    66
       Rapier            |       |    12 |       |       |       ||    12
       Whip              |       |     8 |   212 |   145 |       ||   365
       Staff             |       |       |       |       |    84 ||    84
       Trident           |       |       |       |       |     3 ||     3
 Cast: Sandblast         |    10 |    26 |    77 |    81 |    56 ||   250
       Lee's Rapid Decon |       |       |    10 |    87 |    64 ||   161
       Stone Arrow       |       |       |     5 |   154 |   378 ||   537
       Olgreb's Toxic Ra |       |       |       |       |   185 ||   185
       Ozocubu's Refrige |       |       |       |       |     9 ||     9
  Use: Potion            |     1 |       |       |     1 |       ||     2
       Scroll            |       |       |    12 |     3 |     6 ||    21
 Stab: Sleeping          |     2 |     1 |    10 |     1 |       ||    14
Armor: Skin              |    27 |    30 |   124 |   113 |   114 ||   408
Dodge: Dodged            |    62 |    85 |   219 |   232 |   302 ||   900
Block: Buckler           |       |       |       |       |    23 ||    23
